 Dungeon Crawl Stone Soup version 0.26.1-11-gd32895ea62 (webtiles) character file.

Game seed: 14405557484948521484

13562 manyhoops the Grappler (level 11, -6/95 HPs)
             Began as a Palentonga Transmuter on Apr 15, 2021.
             Was a Believer of Uskayaw.
             Mangled by a ten-headed hydra (9 damage)
             ... on level 1 of the Lair of Beasts.
             The game lasted 00:28:47 (18635 turns).

manyhoops the Grappler (Palentonga Transmuter)     Turns: 18635, Time: 00:28:49

Health: -6/95      AC: 21    Str: 17    XL:     11   Next: 77%
Magic:  7/17       EV: 12    Int: 20    God:    Uskayaw [**....]
Gold:   707        SH:  5    Dex: 10    Spells: 1/16 levels left

rFire    . . .     SeeInvis +     - Unarmed
rCold    . . .     Faith    .   (shield currently unavailable)
rNeg     . . .     Spirit   .   E - +0 troll leather armour
rPois    .         Reflect  +   K - +1 helmet
rElec    .         Harm     .   c - +2 cloak
rCorr    .         Rampage  .   (gloves currently unavailable)
Will     .....                  (no barding)
Stlth    +.........             x - amulet of reflection
HPRegen  0.65/turn              g - +6 ring of intelligence
MPRegen  0.15/turn              M - +4 ring of protection

@: blade hands, very slightly contaminated, curled up
A: large, rugged brown scales 3, see invisible, deformed body, roll 1, armoured
tail, reflexive curl
a: Rolling Charge, End Transformation, Renounce Religion, Stomp, Line Pass


You were on level 1 of the Lair of Beasts.
You worshipped Uskayaw.
Uskayaw was aware of your devotion.
You had blades for hands.
You visited 3 branches of the dungeon, and saw 14 of its levels.
You also visited: Bailey.

You collected 1187 gold pieces.
You spent 480 gold pieces at shops.

Inventory:

Armour
 c - a +2 cloak (worn)
 i - a +2 pair of gloves (melded)
 r - a +0 buckler (melded)
 t - a +1 ring mail of poison resistance
 w - a +2 robe of cold resistance
 E - a +0 troll leather armour (worn)
 K - a +1 helmet (worn)
Jewellery
 g - a +6 ring of intelligence (left scythe-like blade)
 n - an uncursed ring of ice
 u - an uncursed ring of protection from cold
 v - an uncursed ring of fire
 x - an amulet of reflection (around neck)
 D - an uncursed ring of fire
 M - a +4 ring of protection (right scythe-like blade)
 R - a cursed -4 ring of evasion {unknown}
 S - an uncursed ring of flight {unknown}
Wands
 b - a wand of disintegration (10)
 h - a wand of polymorph (6)
 q - a wand of acid (3)
 z - a wand of paralysis (13)
 F - a wand of flame (24)
 H - a wand of random effects (21)
Scrolls
 e - 3 scrolls of magic mapping
 f - 2 scrolls of amnesia
 l - 3 scrolls of remove curse
 o - 7 scrolls of teleportation
 p - 2 scrolls of noise
 s - a scroll of holy word
 y - 2 scrolls of blinking {unknown}
 A - a scroll of fear
 G - a scroll of summoning
 N - a scroll of enchant weapon {unknown}
 Q - 3 scrolls of identify
Potions
 a - 2 potions of flight
 d - a potion of haste
 j - 2 potions of attraction
 k - 4 potions of brilliance
 m - 4 potions of curing
 B - 5 potions of heal wounds
 C - a potion of lignification
 I - 2 potions of magic
 L - 2 potions of experience {unknown}
 O - a potion of resistance
Miscellaneous
 J - a phial of floods (inert)
 P - a box of beasts


   Skills:
 * Level 6.0 Fighting
 - Level 7.2 Dodging
 - Level 5.3 Shields
 + Level 9.2 Unarmed Combat
 - Level 3.4 Spellcasting
 - Level 8.4 Transmutations
 - Level 9.0 Invocations


You had one spell level left.
You knew the following spells:

 Your Spells              Type           Power        Failure   Level
a - Beastly Appendage     Tmut           74%          12%         1
b - Wereblood             Tmut           37%          14%         2
c - Spider Form           Tmut/Pois      10%          43%         3
d - Blade Hands           Tmut           18%          54%         5
e - Ice Form              Ice/Tmut       20%          71%         4

Your spell library contained the following spells:

 Spells                   Type           Power        Failure   Level
 Animate Skeleton         Necr           6%           58%         1
 Foxfire                  Conj/Fire      12%          58%         1
 Magic Dart               Conj           12%          58%         1
 Pain                     Necr           12%          58%         1
 Searing Ray              Conj           6%           69%         2
 Conjure Flame            Conj/Fire      3%           85%         3
 Dazzling Flash           Conj/Hex       6%           85%         3
 Inner Flame              Hex/Fire       3%           85%         3
 Vampiric Draining        Necr           1%           85%         3
 Animate Dead             Necr           1%           99%         4
 Fulminant Prism          Conj/Hex       1%           99%         4
 Iskenderun's Mystic Bla  Conj/Tloc      3%           99%         4
 Sticky Flame             Conj/Fire      3%           99%         4
 Agony                    Necr           3%           100%        5
 Fireball                 Conj/Fire      1%           100%        5


Dungeon Overview and Level Annotations

Branches:
Dungeon (12/15)            Temple (1/1) D:4            Lair (1/6) D:8
    Orc (0/2) D:10         Bailey (visited)

Altars:
Ashenzari
Cheibriados
Dithmenos
Elyvilon
Fedhas
Gozag
Hepliaklqana
Kikubaaqudgha
Makhleb
Nemelex Xobeh
Okawaru
Qazlal
Ru
Sif Muna
Trog
Uskayaw
Vehumet
Wu Jian
Xom
Yredelemnul
Zin
The Shining One
Beogh

Shops:
D:7 *([=(   D:9 =

Portals:
Trove: D:10 (give 7 scrolls of blinking)

Annotations:
D:7 2 transporters, Owninica's ghost, novice MiBe
D:12 Azrael


Innate Abilities, Weirdness & Mutations

You are completely covered in rugged brown scales. (AC +3, +7% HP)
You have supernaturally acute eyesight. (SInv)
Armour fits poorly on your strangely shaped body.
You can roll at nearby foes to attack.
You have a long armoured tail.
You curl defensively after being hit.


Message History

The nine-headed hydra bites you but does no damage.
The nine-headed hydra bites you. x2; The nine-headed hydra bites you!
* * * LOW HITPOINT WARNING * * *
You block the nine-headed hydra's attack.
The nine-headed hydra bites you but does no damage.
Unknown command.
You slice one of the nine-headed hydra's heads off!
The eight-headed hydra grows two more!
You slice the ten-headed hydra!!
The ten-headed hydra is severely wounded.
The ten-headed hydra closely misses you.
The ten-headed hydra bites you but does no damage.
The ten-headed hydra closely misses you.
You block the ten-headed hydra's attack.
The ten-headed hydra bites you!
* * * LOW HITPOINT WARNING * * *
The ten-headed hydra bites you but does no damage.
The ten-headed hydra bites you.
* * * LOW HITPOINT WARNING * * *
The ten-headed hydra bites you!
You die...

.. #. #.# #.P
##### ..#
##..#####P#.###
#..#
..#....#......#.#
..##
........°.####.##
#... ...##.@P##
##.### #...
......D###
##..###...
......F ##..#....
....... #.......
....... #....#...
....... ##..####P
....... #...# ##
....... #P..##
##..#


You could see a ten-headed hydra and a bullfrog.

Vanquished Creatures
  An orc warlord (Bailey)
  A two-headed ogre (D:8)
  An unseen horror (D:10)
  A cyclops (D:7)
  A manticore (D:9)
  Maurice (D:10)
  A gargoyle (D:11)
  2 trolls
  A slime creature (D:9)
  A shadow (D:11)
  A wyvern (D:9)
  8 yaks
  A fire elemental (D:11)
  3 wargs (D:8)
  2 water moccasins
  Duvessa (D:6)
  2 black bears (D:8)
  13 orc warriors
  An ice beast (D:9)
  5 sky beasts
  2 phantoms
  An eye of draining (D:9)
  2 centaurs
  2 necrophages
  6 ogres
  2 big kobolds (D:8)
  3 bullfrogs
  Blork the orc (D:6)
  Dowan (D:6)
  2 scorpions
  4 killer bees (D:8)
  4 howler monkeys
  10 wights
  3 bullfrog zombies
  3 centaur zombies
  6 hounds
  2 jellies (D:8)
  10 orc priests
  Crazy Yiuf (D:2)
  2 centaur skeletons
  16 orc wizards
  5 iguanas
  Natasha (thrice) (D:2)
  5 worker ants
  A killer bee zombie (D:8)
  5 gnolls
  3 howler monkey skeletons
  A worker ant zombie (D:7)
  18 adders
  A shadow imp (D:7)
  5 white imps
  An ooze (D:1)
  An adder zombie (D:9)
  4 adder skeletons
  A worm (D:5)
  A dart slug (D:2)
  9 leopard geckos
  58 orcs
  8 giant cockroaches
  11 goblins
  9 hobgoblins
  4 jackals
  7 quokkas
  2 ball pythons
  8 bats
  2 frilled lizards
  A jackal skeleton (D:4)
  21 kobolds
  A leopard gecko zombie (D:7)
  2 quokka skeletons
  3 quokka zombies
  7 rats
339 creatures vanquished.

Vanquished Creatures (others)
  An orc wizard (D:7)
1 creature vanquished.

Grand Total: 340 creatures vanquished

Notes
Turn   | Place    | Note
-------+----------+-------------------------------------------
     0 | D:1      | manyhoops the Palentonga Transmuter began the quest for the
                  | Orb.
     0 | D:1      | Reached XP level 1. HP: 17/17 MP: 3/3
   147 | D:1      | Reached XP level 2. HP: 6/24 MP: 5/5
  1099 | D:1      | Reached XP level 3. HP: 26/29 MP: 6/6
  1102 | D:1      | Learned a level 2 spell: Wereblood
  1106 | D:1      | Learned a level 3 spell: Spider Form
  1443 | D:2      | Found a bloodstained altar of Trog.
  1588 | D:2      | Noticed Natasha
  1601 | D:2      | Killed Natasha
  1602 | D:2      | Reached XP level 4. HP: 25/37 MP: 7/7
  1939 | D:2      | Noticed Natasha
  1951 | D:2      | Killed Natasha
  2199 | D:2      | Found a runed translucent door.
  2200 | D:2      | Noticed Crazy Yiuf
  2428 | D:2      | Noticed Natasha
  2444 | D:2      | Killed Natasha
  2445 | D:2      | Reached XP level 5. HP: 28/42 MP: 8/8
  2586 | D:2      | Killed Crazy Yiuf
  2739 | D:2      | Reached skill level 5 in Transmutations
  3225 | D:3      | Reached XP level 6. HP: 23/50 MP: 7/9
  4467 | D:4      | Found the +5 demon whip "Spellbinder" {antimagic, Will+}
  4956 | D:4      | Found a staircase to the Ecumenical Temple.
  5043 | D:4      | Reached skill level 1 in Shields
  5043 | D:4      | Gained mutation: You curl defensively after being hit.
                  | [Palentonga growth]
  5043 | D:4      | Reached XP level 7. HP: 29/55 MP: 8/10
  5057 | D:5      | Entered Level 5 of the Dungeon
  5555 | Temple   | Entered the Ecumenical Temple
  5607 | Temple   | Became a worshipper of Uskayaw the Reveller
  5676 | D:5      | Reached * piety under Uskayaw
  5693 | D:5      | Reached ** piety under Uskayaw
  6118 | D:5      | Reached *** piety under Uskayaw
  6170 | D:5      | Reached XP level 8. HP: 63/63 MP: 9/11
  6282 | D:5      | Reached skill level 5 in Shields
  6601 | D:5      | Found a hazy altar of Hepliaklqana.
  7731 | D:6      | Reached skill level 5 in Unarmed Combat
  7737 | D:6      | Noticed Duvessa
  8204 | D:6      | Noticed Dowan
  8848 | D:6      | Found a radiant altar of Vehumet.
  9133 | D:6      | Found an ancient bone altar of Kikubaaqudgha.
  9235 | D:6      | Reached XP level 9. HP: 70/77 MP: 10/12
  9322 | D:6      | Killed Duvessa
  9330 | D:6      | Reached **** piety under Uskayaw
  9334 | D:6      | Killed Dowan
  9419 | D:6      | Noticed Blork the orc
  9429 | D:6      | Killed Blork the orc
  9686 | D:7      | Found Lainleof's Weapon Shoppe.
  9716 | D:7      | Found Zyshriafy's Antique Armour Shoppe.
  9906 | D:7      | You fall into a shaft and drop 3 floors!
  9906 | D:10     | Entered Level 10 of the Dungeon
  9941 | D:10     | Reached skill level 5 in Fighting
 10085 | D:10     | Found a portal to a secret trove of treasure.
 10113 | D:10     | Noticed Maurice
 10141 | D:10     | Killed Maurice
 10585 | D:9      | Found Puleg's Jewellery Shop.
 10593 | D:9      | Bought an uncursed amulet of reflection for 480 gold pieces
 10957 | D:7      | Found Emijel's General Store.
 11173 | D:7      | Found a transporter.
 11175 | D:7      | Noticed Owninica's ghost (novice MiBe)
 11195 | D:7      | Found a transporter.
 11234 | D:7      | Found Unnutw Ruoh's Antique Weapon Shoppe.
 11306 | D:7      | Learned a level 5 spell: Blade Hands
 11337 | D:7      | Found Qoihoab's Jewellery Boutique.
 11502 | D:7      | Noticed a cyclops
 11552 | D:7      | Killed a cyclops
 11639 | D:7      | Reached XP level 10. HP: 74/88 MP: 14/14
 12064 | D:8      | Reached ***** piety under Uskayaw
 12085 | D:8      | Reached ****** piety under Uskayaw
 12551 | D:8      | Found a staircase to the Lair.
 12655 | D:8      | Noticed a two-headed ogre
 12660 | D:8      | Killed a two-headed ogre
 12881 | D:8      | Reached skill level 5 in Dodging
 13156 | D:8      | Found a broken altar of Ashenzari.
 13158 | D:8      | Found a shadowy altar of Dithmenos.
 13163 | D:8      | Found a basalt altar of Yredelemnul.
 13164 | D:8      | Found a stormy altar of Qazlal.
 13168 | D:8      | Found a snail-covered altar of Cheibriados.
 13937 | D:9      | Noticed a manticore
 13948 | D:9      | Killed a manticore
 13949 | D:9      | Reached XP level 11. HP: 33/95 MP: 6/16
 14589 | D:9      | Learned a level 4 spell: Ice Form
 14647 | D:9      | Found a white marble altar of Elyvilon.
 14650 | D:9      | Found a shimmering blue altar of Sif Muna.
 14686 | D:9      | Found an ancient bone altar of Kikubaaqudgha.
 14975 | D:9      | Noticed a two-headed ogre
 14975 | D:9      | Noticed a seven-headed hydra
 15925 | D:10     | Found a roughly hewn altar of Beogh.
 15925 | D:10     | Found a staircase to the Orcish Mines.
 15961 | D:10     | Noticed an unseen horror
 15965 | D:10     | Killed an unseen horror
 16476 | D:11     | Got a crude scale mail
 16492 | D:11     | Identified the +4 scale mail of Luik {Dex+5} (You found it
                  | on level 11 of the Dungeon)
 16521 | D:11     | Reached skill level 5 in Invocations
 16561 | D:11     | Found a flagged portal.
 16584 | Bailey   | Entered a bailey
 16589 | Bailey   | Noticed an orc warlord
 16794 | Bailey   | Found a runed translucent gate.
 16795 | Bailey   | Found a runed translucent gate.
 16797 | Bailey   | Found a runed translucent gate.
 16924 | Bailey   | Killed an orc warlord
 18094 | D:12     | Noticed Azrael
 18448 | Lair:1   | Entered Level 1 of the Lair of Beasts
 18627 | Lair:1   | Noticed a six-headed hydra
 18635 | Lair:1   | HP: 3/95 [ten-headed hydra (6)]
 18635 | Lair:1   | Mangled by a ten-headed hydra

Illustrated notes

Levels and vault maps discovered:
D:1:      ncdulo_lavacross, layout_basic, minmay_pentomino_x2
D:2:      layout_basic, chequers_avenue, trog_three_pillars_becter,
          uniq_natasha, uniq_crazy_yiuf_cottage
D:3:      layout_rooms, hangedman_feature_mirror
D:4:      layout_rooms, minmay_temple_entry_nine_rooms, minmay_divided_ellipse
D:5:      layout_gridville, nzn_hepliaklqana_mist_gate
D:6:      layout_loops_cross, kennysheep_mini_moat, basic_altar, uniq_duvessa,
          uniq_blork_the_orc
D:7:      layout_basic, serial_shops, nicolae_shop_behind_doors, shop, shop,
          kennysheep_mini, shop, gammafunk_ghost_mausoleum
D:8:      minmay_ornate_pinched, layout_basic, minitemple,
          erik_lair_orcish_takeover, fungi_pond_lemuel
D:9:      minmay_the_grid_four_pointed_star
          [minmay_the_grid_triangle_9x9_sparse_checkered,
          minmay_the_grid_triangle_9x9_semitri,
          minmay_the_grid_triangle_9x9_flanged_cone,
          minmay_the_grid_triangle_9x9_steps,
          minmay_the_grid_prize_inner_circle], layout_grid_maze,
          grunt_temple_overflow_open, serial_shops, shop, st_stairs_3
D:10:     layout_loops_ring, david_orc_5, enter_trove_6, uniq_maurice
D:11:     layout_basic, enter_bailey_3
D:12:     layout_roguey, uniq_azrael, uniq_rupert
Temple:   nicolae_temple_x_marks_the_god
Lair:1:   lemuel_ratsnest, layout_layer_cave

Skill      XL: |  1  2  3  4  5  6  7  8  9 10 11 |
---------------+----------------------------------+-----
Transmutations | 3 4 5 6 7 8 |  8.4
Shields        | 1 4 5 |  5.3
Fighting       | 4 5 6 |  6.0
Unarmed Combat | 6 9 |  9.2
Spellcasting   | 3 |  3.4
Dodging        | 6 7 |  7.2
Invocations    | 9 |  9.0

Action                   |  1- 3 |  4- 6 |  7- 9 | 10-12 || total
-------------------------+-------+-------+-------+-------++-------
Melee: Unarmed           |    86 |   220 |   452 |   403 ||  1161
       Kick              |     9 |    20 |    87 |       ||   116
       Headbutt          |    11 |     9 |    42 |       ||    62
       Tailslap          |     5 |    10 |    53 |    40 ||   108
       Punch             |     2 |     1 |     1 |     2 ||     6
 Cast: Beastly Appendage |    15 |    18 |    34 |       ||    67
       Spider Form       |       |     4 |     7 |       ||    11
       Wereblood         |       |       |     3 |     3 ||     6
       Blade Hands       |       |       |     1 |    44 ||    45
Invok: Line Pass         |       |       |       |     1 ||     1
 Abil: Rolling Charge    |     1 |     4 |     8 |     7 ||    20
Evoke: Phial of floods   |       |       |       |     1 ||     1
  Use: Scroll            |       |    15 |     3 |     7 ||    25
       Potion            |       |     4 |     2 |     1 ||     7
 Stab: Paralysed         |       |       |     3 |    22 ||    25
Armor: Robe              |    31 |   103 |    48 |    47 ||   229
       Skin              |       |     4 |     3 |     9 ||    16
       Ring mail         |       |       |    79 |       ||    79
       Troll leather arm |       |       |       |    74 ||    74
Dodge: Dodged            |    40 |   150 |   189 |   179 ||   558
Block: Buckler           |       |     2 |    73 |    96 ||   171
       Other             |       |       |     1 |    54 ||    55
       Reflection        |       |       |       |    38 ||    38
